 Dungeon Crawl Stone Soup version 0.27.1-34-g3ba077fa99 (webtiles) character file.

Game seed: 134657168941148861

70 lonewolfV2 the Skirmisher (level 4, -1/37 HPs)
             Began as a Demonspawn Chaos Knight on Jan 7, 2022.
             Was a Plaything of Xom.
             Slain by an iron imp (9 damage)
             ... summoned by Xom
             ... on level 2 of the Dungeon.
             The game lasted 00:03:04 (1931 turns).

lonewolfV2 the Skirmisher (Demonspawn Chaos Knight) Turns: 1931, Time: 00:03:05

Health: -1/37      AC:  6    Str: 13      XL:     4   Next: 4%
Magic:  4/4        EV: 11    Int: 14      God:    Xom [*.....]
Gold:   58         SH:  0    Dex:  8 (12) Spells: 3/3 levels left

rFire    + . .     SeeInvis .   a - +0 hand axe (chaos)
rCold    x . .     Faith    .   (no shield)
rNeg     . . .     Spirit   .   b - +3 leather armour
rPois    .         Reflect  .   (helmet restricted)
rElec    .         Harm     .   (no cloak)
rCorr    .         Rampage  .   (no gloves)
Will     .....                  (no boots)
Stlth    +.........             (no amulet)
HPRegen  0.12/turn              f - ring of fire
MPRegen  0.09/turn              (no ring)

@: no status effects
A: hooves 2, antennae 1, claws 1
a: Renounce Religion


You were on level 2 of the Dungeon.
You worshipped Xom.
You were a special plaything of Xom.
You visited 1 branch of the dungeon, and saw 2 of its levels.

You collected 58 gold pieces.

Inventory:

Hand Weapons
 a - a +0 hand axe of chaos (weapon)
 c - a +4 club
Armour
 b - a +3 leather armour (worn)
Jewellery
 f - a ring of fire (left claw)
Scrolls
 e - a scroll of blinking {unknown}
 g - a scroll of identify {unknown}
Potions
 d - 2 potions of attraction


   Skills:
 + Level 3.7 Fighting
 + Level 3.5 Axes
 + Level 0.1(2.1) Maces & Flails
 + Level 2.2 Armour
 + Level 1.1 Dodging
 + Level 0.2 Stealth


You had 3 spell levels left.
You didn't know any spells.
Your spell library was empty.

Dungeon Overview and Level Annotations

Branches:
Dungeon (2/15)

Altars:


Innate Abilities, Weirdness & Mutations

You have hoof-like feet.
You have a pair of small antennae on your head.
You have sharp fingernails.


Message History

The quasit claws you but does no damage.
Something hits you!
You miss the quasit.
The quasit is heavily wounded.
You hit something. The quasit barely misses you.
The quasit claws you but does no damage.
The quasit closely misses you. Something hits you.
The quasit bites you but does no damage.
The quasit claws you but does no damage. x2
The white imp gestures at you.
The puff of frost hits something.
Really quaff the potion of attraction? [Y]es or [N]o only, please.
Really quaff the potion of attraction? [Y]es or [N]o only, please.
Really quaff the potion of attraction? [Y]es or [N]o only, please.
Really quaff the potion of attraction?
Okay, then.
You miss something. You hit the quasit but do no damage.
The quasit bites you but does no damage.
The quasit claws you but does no damage. x2
Something hits you but does no damage.
You hit something but do no damage.
Nothing appears to happen.
You miss the quasit. The quasit barely misses you.
The quasit claws you but does no damage.
The quasit barely misses you. Something hits you.
* * * LOW HITPOINT WARNING * * *
The white imp gestures at you.
The puff of frost hits something.
The quasit bites you but does no damage.
The quasit claws you.
* * * LOW HITPOINT WARNING * * *
You feel clumsy. The quasit barely misses you.
You barely miss something. You closely miss the quasit.
The quasit bites you but does no damage.
The quasit claws you but does no damage.
The quasit closely misses you. Something hits you!
You die...

.(......#
#.#...........<...#.##.
........#
#.##.#.#.####.#####.##.
........#
#.##.#.#.#......# #.##.
#########
#.##.#.#.#.##.#.###.##.
#.##.#.#.#....#.....##.
#.##.#.#.#############^
#.##.#.#...............
#.#5################
..#@# #{#
#5################
#.................
#.################ #.#
###


You could see a quasit (summoned) and a white imp (summoned).

Vanquished Creatures
  Jessica (D:2)
  2 dart slugs (D:1)
  3 ball pythons (D:1)
  4 bats
  An endoplasm (D:2)
  A giant cockroach (D:1)
  5 goblins
  4 hobgoblins
  6 jackals
  A quokka (D:2)
  A frilled lizard (D:1)
  3 kobolds
  4 rats
36 creatures vanquished.

Notes
Turn   | Place    | Note
-------+----------+-------------------------------------------
     0 | D:1      | lonewolfV2 the Demonspawn Chaos Knight began the quest for
                  | the Orb.
     0 | D:1      | Reached XP level 1. HP: 18/18 MP: 1/1
    32 | D:1      | XOM: smoke on damage
    78 | D:1      | XOM: divination: detect items
   187 | D:1      | Found a faded altar of an unknown god.
   344 | D:1      | XOM: silly message
   381 | D:1      | XOM: butterfly on damage
   388 | D:1      | Gained mutation: You have large cloven feet. [demonic
                  | ancestry]
   388 | D:1      | Reached XP level 2. HP: 19/24 MP: 2/2
   552 | D:1      | Gained mutation: You have a pair of small antennae on your
                  | head. [potion of mutation]
   552 | D:1      | Gained mutation: Your flesh is cold resistant. (rC+)
                  | [potion of mutation]
   552 | D:1      | Lost mutation: Your flesh is cold resistant. (rC+) [potion
                  | of mutation]
   552 | D:1      | Gained mutation: You have sharp fingernails. [potion of
                  | mutation]
  1098 | D:1      | Reached XP level 3. HP: 29/29 MP: 3/3
  1223 | D:1      | XOM: divination: magic mapping
  1369 | D:2      | Noticed Jessica
  1374 | D:2      | XOM: silly message
  1375 | D:2      | Killed Jessica
  1376 | D:2      | Reached skill level 1 in Dodging
  1604 | D:2      | XOM: silly message
  1725 | D:2      | XOM: silly message
  1745 | D:2      | XOM: 2-stop teleportation journey
  1788 | D:2      | Gained mutation: You have hoof-like feet. [demonic
                  | ancestry]
  1788 | D:2      | Reached XP level 4. HP: 37/37 MP: 4/4
  1916 | D:2      | XOM: summons 3 hostile demons
  1931 | D:2      | Slain by an iron imp

Illustrated notes

Levels and vault maps discovered:
D:1:      ebering_hopf_link, layout_basic, ebering_ecumenical_altar_hall
D:2:      layout_basic, uniq_jessica

Skill      XL: |  1  2  3 |
---------------+----------+-----
Axes           | 3 |  3.5
Armour         | 2 |  2.2
Dodging        | 1 |  1.1
Fighting       | |  3.7
Maces & Flails | |  0.1
Stealth        | |  0.2

Action                   |  1- 3 |  4- 6 || total
-------------------------+-------+-------++-------
Melee: Hand axe          |    69 |    30 ||    99
       Kick              |    13 |     4 ||    17
       Club              |     7 |       ||     7
  Use: Potion            |     4 |       ||     4
       Scroll            |     1 |       ||     1
 Stab: Sleeping          |     1 |       ||     1
Armor: Leather armour    |    38 |    53 ||    91
Dodge: Dodged            |    48 |    31 ||    79
